 Dungeon Crawl Stone Soup version 0.25.0-9-g26727b657a (webtiles) character file.

Game seed: 8467512969843681449

3178 gruber the Grappler (level 9, -1/97 HPs)
             Began as a Troll Monk on June 16, 2020.
             Was a Follower of Ru.
             Slain by an orc wizard
             ... wielding a +0 dagger
              (5 damage)
             ... on level 9 of the Dungeon.
             The game lasted 00:07:07 (7292 turns).

gruber the Grappler (Troll Monk)                    Turns: 7292, Time: 00:07:08

Health: -1/97      AC:  8    Str: 30    XL:     9   Next: 63%
Magic:  8/8        EV: 10    Int:  6    God:    Ru [*.....]
Gold:   325        SH:  0    Dex: 12    Spells: 8/8 levels left

rFire    . . .     SeeInvis .     - Unarmed
rCold    + . .     Gourm    +   (no shield)
rNeg     . . .     Faith    .   D - +1 robe of Insurance {rPois MR+} (curse)
rPois    +         Spirit   .   (helmet restricted)
rElec    .         Reflect  .   g - +0 cloak
rCorr    .         Harm     .   (gloves unavailable)
MR       +....                  (boots unavailable)
Stlth    ++........             (no amulet)
HPRegen  0.66/turn              A - ring of protection from cold
MPRegen  0.11/turn              E - +6 ring of strength

@: no status effects
A: large, unfitting armour, claws 3, fast metabolism 3, gourmand, regeneration
1, shaggy fur 1, tough skin 3, no charms magic, no fire magic, no hexes magic
a: Renounce Religion


You were on level 9 of the Dungeon.
You worshipped Ru.
Ru was aware of your devotion.
You were very full.

You visited 2 branches of the dungeon, and saw 10 of its levels.
You also visited: Sewer.

You collected 325 gold pieces.

Inventory:

Missiles
 j - 2 throwing nets
 n - 8 javelins (quivered)
Armour
 a - a +0 robe
 g - a +0 cloak (worn)
 D - the cursed +1 robe of Insurance (worn) {rPois MR+}
   (You found it on level 5 of the Dungeon)

   It protects you from poison.
   It affects your resistance to hostile enchantments.
   It has a curse placed upon it.
Jewellery
 A - a ring of protection from cold (left claw)
 E - a +6 ring of strength (right claw)
 L - an uncursed ring of flight {unknown}
Wands
 u - a wand of flame (43)
 y - a wand of random effects (30)
 B - a wand of paralysis (8)
 F - a wand of disintegration (5)
Scrolls
 c - 4 scrolls of blinking {unknown}
 d - 2 scrolls of fog {unknown}
 e - 6 scrolls of identify {unknown}
 f - 2 scrolls of enchant armour {unknown}
 k - 2 scrolls of magic mapping {unknown}
 l - 4 scrolls of remove curse {unknown}
 p - 6 scrolls of amnesia {unknown}
 q - a scroll of fear {unknown}
 r - 2 scrolls of noise {unknown}
 w - a scroll of acquirement {unknown}
 z - a scroll of enchant weapon {unknown}
 C - a scroll of random uselessness {unknown}
 H - a scroll of teleportation {unknown}
 J - 2 scrolls of immolation {unknown}
Potions
 h - 2 potions of might {unknown}
 i - 5 potions of curing {unknown}
 m - a potion of berserk rage {unknown}
 o - 2 potions of mutation {unknown}
 s - 5 potions of flight {unknown}
 t - 2 potions of stabbing {unknown}
 v - 3 potions of heal wounds {unknown}
 x - 3 potions of brilliance {unknown}
 G - a potion of haste {unknown}
 I - 2 potions of lignification {unknown}
 K - a potion of ambrosia {unknown}
 M - 3 potions of degeneration {unknown}
Comestibles
 b - 23 rations


   Skills:
 * Level 8.5 Fighting
 - Level 2.4 Dodging
 - Level 1.0 Stealth
 - Level 10.1 Unarmed Combat


You had 8 spell levels left.
You didn't know any spells.
Your spell library contained the following spells:

 Spells                   Type           Power        Failure   Level  Hunger
 Gell's Gravitas          Tloc           #.........   83%         3    ####...
 Petrify                  Tmut/Erth      #.......     99%         4    #####..
 Confusing Touch          Hex            Unusable     N/A         3    N/A
 Metabolic Englaciation   Hex/Ice        Unusable     N/A         5    N/A
 Yara's Violent Unravell  Hex/Tmut       Unusable     N/A         5    N/A

Dungeon Overview and Level Annotations

Branches:
Dungeon (9/15)             Temple (1/1) D:6           Sewer (visited)
   Lair: D:8-11         Orc: D:9-12

Altars:
Ashenzari
Cheibriados
Dithmenos
Elyvilon
Fedhas
Gozag
Hepliaklqana
Kikubaaqudgha
Makhleb
Nemelex Xobeh
Okawaru
Qazlal
Ru
Sif Muna
Trog
Uskayaw
Vehumet
Wu Jian
Xom
Yredelemnul
Zin
The Shining One


Innate Abilities, Weirdness & Mutations

You are too large for most types of armour.
You have claws for hands.
Your metabolism is lightning-fast.
You like to eat raw meat.
Your natural rate of healing is unusually fast.
You are covered in fur. (AC +1)
You have extremely tough skin. (AC +3)
You cannot study or cast Charms magic.
You cannot study or cast Fire magic.
You cannot study or cast Hexes magic.


Message History

The orc closely misses you. The orc warrior closely misses you.
The orc barely misses you.
You closely miss the orc warrior.
The orc warrior is almost dead.
The orc wizard closely misses you. The orc barely misses you.
You scratch the orc warrior but do no damage.
The orc warrior is almost dead.
The orc hits you.
The orc wizard gestures at you while chanting.
The magic dart hits you.
The orc warrior hits you with a +0 battleaxe of freezing!!
* * * LOW HITPOINT WARNING * * *
The orc warrior freezes you.
* * * LOW HITPOINT WARNING * * *
Unknown command.
Unknown command.
The orc misses you. The orc barely misses you.
You redirect the orc wizard's attack!
The orc wizard hits you with a +0 dagger.
You die...

#.....# #.....#
#.....#
#####.....#
#./.......#####
#......o......#
#......o.....)#
#.....oo@.....#
#.....o.####+##
#.......#
#########


You could see an orc warrior, an orc wizard (fast) and 3 orcs.

Vanquished Creatures
  2 hippogriffs
  Edmund (D:6)
  3 sky beasts (D:7)
  A necrophage (D:7)
  A phantom (D:6)
  4 ogres
  A centaur (D:7)
  A bullfrog (D:7)
  5 big kobolds
  5 scorpions
  3 wights (D:6)
  A howler monkey (D:6)
  A crimson imp (D:5)
  A bullfrog zombie (D:8)
  2 orc priests (D:5)
  A gnoll shaman (D:7)
  A jelly (D:8)
  A bullfrog skeleton (D:7)
  3 hounds
  An orc wizard (D:5)
  2 centaur skeletons (D:5)
  5 iguanas
  4 worker ants
  3 hound skeletons
  A worker ant zombie (D:5)
  5 gnolls (D:7)
  10 adders
  3 river rats (Sewer)
  A shadow imp (D:5)
  3 oozes
  An adder skeleton (D:5)
  8 worms
  3 dart slugs
  14 orcs
  5 bats
  4 giant cockroaches
  6 goblins
  7 hobgoblins
  7 jackals
  5 quokkas
  7 ball pythons (Sewer)
  5 frilled lizards
  A giant cockroach zombie (D:5)
  21 kobolds
  2 leopard gecko skeletons (D:4)
  2 quokka zombies
  30 rats
204 creatures vanquished.

Vanquished Creatures (others)
  An orc (D:7)
1 creature vanquished.

Grand Total: 205 creatures vanquished

Notes
Turn   | Place    | Note
-------+----------+-------------------------------------------
     0 | D:1      | gruber the Troll Monk began the quest for the Orb.
     0 | D:1      | Reached XP level 1. HP: 22/22 MP: 0/0
   137 | D:1      | Reached XP level 2. HP: 28/29 MP: 1/1
   368 | D:1      | Reached skill level 4 in Unarmed Combat
   756 | D:2      | Found a radiant altar of Vehumet.
   759 | D:2      | Reached XP level 3. HP: 33/36 MP: 2/2
  1380 | D:2      | Reached skill level 5 in Unarmed Combat
  1380 | D:2      | Reached XP level 4. HP: 42/44 MP: 3/3
  1884 | D:3      | Found a stormy altar of Qazlal.
  1948 | D:3      | Found a blossoming altar of Fedhas.
  2536 | D:4      | Noticed an ogre
  2545 | D:4      | Killed an ogre
  2545 | D:4      | Reached skill level 6 in Unarmed Combat
  2545 | D:4      | Reached XP level 5. HP: 38/50 MP: 4/4
  2649 | D:4      | Reached XP level 6. HP: 57/59 MP: 5/5
  2653 | D:4      | Found a glowing drain.
  2672 | Sewer    | Entered a sewer
  2712 | Sewer    | Reached skill level 7 in Unarmed Combat
  3024 | Sewer    | Reached skill level 8 in Unarmed Combat
  3024 | Sewer    | Reached XP level 7. HP: 65/66 MP: 6/6
  3774 | D:5      | Entered Level 5 of the Dungeon
  3812 | D:5      | Reached skill level 9 in Unarmed Combat
  4166 | D:5      | Reached XP level 8. HP: 68/74 MP: 7/7
  4229 | D:5      | Reached skill level 10 in Unarmed Combat
  4345 | D:5      | Found a bloodstained altar of Trog.
  4689 | D:5      | Got a faintly humming robe
  4700 | D:5      | Identified the cursed +1 robe of Insurance {rPois MR+} (You
                  | found it on level 5 of the Dungeon)
  5109 | D:6      | Noticed Edmund
  5121 | D:6      | Killed Edmund
  5123 | D:6      | Reached skill level 5 in Fighting
  5186 | D:6      | Found a staircase to the Ecumenical Temple.
  5270 | Temple   | Entered the Ecumenical Temple
  5461 | Temple   | Became a worshipper of Ru the Awakened
  5463 | Temple   | Gained mutation: You cannot study or cast Fire magic. [Ru
                  | sacrifice]
  5463 | Temple   | Gained mutation: You cannot study or cast Hexes magic. [Ru
                  | sacrifice]
  5463 | Temple   | Gained mutation: You cannot study or cast Charms magic. [Ru
                  | sacrifice]
  5463 | Temple   | Reached * piety under Ru
  5728 | D:6      | Found an iron altar of Okawaru.
  6012 | D:7      | Reached XP level 9. HP: 71/89 MP: 8/8
  7290 | D:9      | HP: 4/97 [orc warrior/+0 battleaxe of freezing (28)]
  7292 | D:9      | Slain by an orc wizard

Illustrated notes

Levels and vault maps discovered:
D:1:      erik_arrival_blinker_ship, layout_basic, serial_forest,
          infiniplex_forest_corner_1, infiniplex_forest_clump_small,
          infiniplex_forest_corner_2, infiniplex_forest_lined_2,
          infiniplex_forest_lined_3, infiniplex_forest_lined_1
D:2:      layout_loops_cross, nicolae_overflow_hidden_temple, kennysheep_boxes
D:3:      layout_basic, lemuel_crystal_altar, lemuel_crystal_altar, first_ration
D:4:      layout_loops_ring, cheibrodos_sewer_entry_sluice,
          kennysheep_generic_room_14
D:5:      layout_loops_ring, trog_hazing_becter
D:6:      layout_basic, kennysheep_mini_moat,
          minmay_temple_entry_gardened_gates, uniq_edmund
D:7:      layout_basic
D:8:      lemuel_ice_spiral_2, layout_basic, blue_anna_alchemist
          [blue_anna_fruit_fields, blue_anna_fruit_fields]
D:9:      layout_irregular_city, gammafunk_ghost_arena
Temple:   dpeg_five_rooms_temple

Skill      XL: |  1  2  3  4  5  6  7  8  9 |
---------------+----------------------------+-----
Unarmed Combat | 4 5 6 8 9 10 | 10.1
Fighting       | 6 8 |  8.5
Dodging        | |  2.4
Stealth        | |  1.0

Action                   |  1- 3 |  4- 6 |  7- 9 || total
-------------------------+-------+-------+-------++-------
Melee: Unarmed           |    98 |   144 |   297 ||   539
       Punch             |     1 |     1 |    13 ||    15
Invok: Sacrifice Arcana  |       |       |     1 ||     1
 Stab: Sleeping          |     1 |     2 |     1 ||     4
       Distracted        |     1 |       |       ||     1
  Eat: Chunk             |    18 |    15 |    38 ||    71
Armor: Robe              |    27 |    63 |    97 ||   187
Dodge: Dodged            |    34 |    88 |   153 ||   275
